 Dungeon Crawl Stone Soup version 0.20.1-1-g8b1a95d66d (webtiles) character file.

93 NullDivider the Sneak (level 4, -5/29 HPs)
             Began as an Octopode Artificer on Dec 1, 2017.
             Slain by a gnoll
             ... wielding a +0 vampiric spear
              (6 damage)
             ... on level 3 of the Dungeon.
             The game lasted 00:06:56 (1730 turns).

NullDivider the Sneak (Octopode Artificer)          Turns: 1730, Time: 00:06:57

Health: -5/29      AC:  1    Str: 11    XL:     4   Next: 62%
Magic:  6/6        EV: 14    Int: 13    God:
Gold:   225        SH:  0    Dex: 13    Spells: 3/3 levels left

rFire    . . .     SeeInvis .   n - +0 dagger
rCold    . . .     Gourm    .   (no shield)
rNeg     . . .     Faith    .   (helmet restricted)
rPois    .         Spirit   .   (no amulet)
rElec    .         Reflect  .   i - +2 ring of slaying
rCorr    .         Harm     .   (no ring)
MR       .....                  (no ring)
Stlth    +++.......             (no ring)
Regen    0.1/turn               (no ring)
MPRegen  0.1/turn               (no ring)
                                (no ring)
                                (no ring)

@: no status effects
A: almost no armour, stealthy swim, amphibious, 8 rings, constrict 8, camouflage
1, gelatinous body 1
a: no special abilities


You were on level 3 of the Dungeon.
You were hungry.

You visited 1 branch of the dungeon, and saw 3 of its levels.

You collected 225 gold pieces.

Inventory:

Hand Weapons
 n - a +0 dagger (weapon)
Jewellery
 i - a +2 ring of slaying (left tentacle)
Wands
 b - a wand of flame (15/48)
 c - a wand of enslavement (15/24)
 d - a wand of random effects (15/48)
Scrolls
 e - a scroll of enchant armour {unknown}
 g - 5 scrolls of remove curse {unknown}
 h - 2 scrolls of magic mapping {unknown}
 m - 4 scrolls of teleportation {unknown}
 o - a scroll of noise {unknown}
 p - 2 scrolls of identify {unknown}
Potions
 a - a potion of berserk rage {unknown}
 k - a potion of resistance {unknown}
 l - 3 potions of lignification {unknown}
Comestibles
 f - a bread ration
 j - a chunk of flesh


   Skills:
 + Level 1.8 Fighting
 + Level 1.6 Short Blades
 + Level 2.4 Dodging
 * Level 4.0 Stealth
 + Level 3.9 Evocations


You had 3 spell levels left.
You didn't know any spells.

Dungeon Overview and Level Annotations

Branches:
Dungeon (3/15)

Altars:
Ashenzari
Cheibriados
Fedhas
Okawaru


Innate Abilities, Weirdness & Mutations

You cannot wear most types of armour.
You are very stealthy in the water. (Stealth+)
You are amphibious.
You can wear up to eight rings at the same time.
You can use your tentacles to constrict eight enemies at once.
Your skin changes colour to match your surroundings (Stealth+).
Your rubbery body absorbs attacks. (AC +1, EV +1)


Message History

You constrict the gnoll. The gnoll hits you but does no damage.
You hit the gnoll but do no damage.
The gnoll is heavily wounded.
You constrict the gnoll. The gnoll misses you. The gnoll barely misses you.
You hit the gnoll. You squeeze the gnoll.
You kill the gnoll!
Your Stealth skill increases to level 4!
The gnoll misses you.
The gnoll hits you with a vampiric spear!
* * * LOW HITPOINT WARNING * * *
You closely miss the gnoll. Your grab misses the gnoll.
Your squeeze misses the gnoll.
The gnoll hits you with a vampiric spear!
* * * LOW HITPOINT WARNING * * *
You are feeling hungry.
You hit the gnoll but do no damage. You grab the gnoll. You squeeze the gnoll.
The gnoll is lightly wounded.
You constrict the gnoll.
The gnoll hits you with a vampiric spear.
You die...

.............##### #.........# #.
.........###..# ###.......#.###.
.........#_#..# #.........#.'.._
.........≈≈≈..####.#.........###.
........≈≈≈≈≈.##.............# #.
........≈≈.≈≈.##.....######..###+
........≈≈≈≈≈....##.## #......
.........≈≈≈..###...# ##.##..
......#.#...#.gg@.### #..##.
......#.#..##..#### .#.###
.....##.........# .. #
.....####..........# # .....#
#...........ggg ####.#
#......##..#### # #.# ##......#
#.# ....# #.# #...##.####.##
#...# #.# #.#.##............#
#....


You could see 2 gnolls.

Vanquished Creatures
  A gnoll (D:3)
  4 adders (D:2)
  A worm (D:2)
  4 dart slugs
  A giant cockroach (D:1)
  5 goblins
  5 hobgoblins
  2 jackals (D:2)
  4 kobolds
  A quokka (D:3)
  2 bats
  3 frilled lizards
  2 rats (D:1)
35 creatures vanquished.

Notes
Turn   | Place    | Note
-------+----------+-------------------------------------------
     0 | D:1      | NullDivider the Octopode Artificer began the quest for the Orb.
     0 | D:1      | Reached XP level 1. HP: 13/13 MP: 3/3
   189 | D:1      | Reached skill level 2 in Stealth
   189 | D:1      | Reached XP level 2. HP: 18/18 MP: 4/4
   482 | D:2      | Found a snail-covered altar of Cheibriados.
   519 | D:2      | Found a shattered altar of Ashenzari.
   719 | D:2      | Reached XP level 3. HP: 23/23 MP: 5/5
  1014 | D:2      | Found an iron altar of Okawaru.
  1034 | D:2      | Reached skill level 3 in Stealth
  1201 | D:2      | Reached XP level 4. HP: 16/28 MP: 6/6
  1527 | D:3      | Found a snail-covered altar of Cheibriados.
  1554 | D:3      | Found a blossoming altar of Fedhas.
  1726 | D:3      | Reached skill level 4 in Stealth
  1729 | D:3      | HP: 1/29 [gnoll/vampiric spear (7)]
  1730 | D:3      | Slain by a gnoll

Skill      XL: |  1  2  3  4 |
---------------+-------------+-----
Stealth        | 2 3 4 |  4.0
Fighting       | |  1.8
Short Blades   | |  1.6
Dodging        | |  2.4
Evocations     | |  3.9

Action                   |  1- 3 |  4- 6 || total
-------------------------+-------+-------++-------
Melee: Short sword       |    21 |       ||    21
       Constrict         |    12 |     8 ||    20
       Dagger            |    35 |    20 ||    55
       Tentacles         |     7 |     7 ||    14
 Stab: Sleeping          |    12 |       ||    12
  Eat: Chunk             |     1 |     1 ||     2
Armor: Skin              |     2 |       ||     2
Dodge: Dodged            |    21 |    12 ||    33
